 Dungeon Crawl Stone Soup version 0.25-a0-292-gaa31f046c4 (webtiles) character file.

Game seed: 6683169075960313132, levelgen mode: deterministic

39 MrRokkomies the Chucker (level 3, -1/39 HPs)
             Began as an Ogre Hunter on Dec 15, 2019.
             Slain by a leopard gecko (3 damage)
             ... on level 2 of the Dungeon.
             The game lasted 00:02:43 (909 turns).

MrRokkomies the Chucker (Ogre Hunter)                Turns: 909, Time: 00:02:44

Health: -1/39      AC:  3    Str: 16    XL:     3   Next: 45%
Magic:  3/3        EV: 10    Int: 12    God:
Gold:   36         SH:  0    Dex: 10    Spells: 2/2 levels left

rFire    . . .     SeeInvis .   a - +0 short sword
rCold    . . .     Gourm    .   (no shield)
rNeg     . . .     Faith    .   b - +0 robe
rPois    .         Spirit   .   m - +0 hat
rElec    .         Reflect  .   (no cloak)
rCorr    .         Harm     .   (gloves unavailable)
MR       .....                  (boots unavailable)
Stlth    +.........             j - amulet of inaccuracy (curse)
HPRegen  0.13/turn              (no ring)
MPRegen  0.08/turn              (no ring)

@: no status effects
A: large, unfitting armour, tough skin 1
a: no special abilities


You were on level 2 of the Dungeon.
You were not hungry.

You visited 1 branch of the dungeon, and saw 2 of its levels.

You collected 36 gold pieces.

Inventory:

Hand Weapons
 a - a +0 short sword (weapon)
Missiles
 c - 5 large rocks (quivered)
 d - 2 throwing nets
 h - 22 stones
Armour
 b - a +0 robe (worn)
 m - a +0 hat (worn)
Jewellery
 i - an uncursed amulet of faith
 j - a cursed amulet of inaccuracy (around neck)
Potions
 e - 2 potions of cancellation {unknown}
 g - a potion of flight {unknown}
 l - a potion of lignification {unknown}
 n - 2 potions of curing {unknown}
 o - 2 potions of agility {unknown}
Comestibles
 f - a ration


   Skills:
 * Level 3.8 Fighting
 * Level 4.4 Throwing
 + Level 2.1 Dodging
 - Level 0.6 Stealth


You had 2 spell levels left.
You didn't know any spells.
Your spell library was empty.

Dungeon Overview and Level Annotations

Branches:
Dungeon (2/15)

Altars:


Innate Abilities, Weirdness & Mutations

You are too large for most types of armour.
You have tough skin. (AC +1)


Message History

You miss the leopard gecko.
The leopard gecko is heavily wounded.
The leopard gecko bites you.
* * * LOW HITPOINT WARNING * * *
You barely miss the leopard gecko.
The leopard gecko is heavily wounded.
The leopard gecko bites you.
* * * LOW HITPOINT WARNING * * *
You barely miss the leopard gecko.
The leopard gecko is heavily wounded.
The leopard gecko bites you.
* * * LOW HITPOINT WARNING * * *
The leopard gecko bites you but does no damage.
You miss the leopard gecko.
The leopard gecko is heavily wounded.
The leopard gecko misses you.
You closely miss the leopard gecko.
The leopard gecko is heavily wounded.
The leopard gecko bites you.
You die...

#.# #(# #.# #.#
#.# #.# #.# #l#
#.###########@#
#(..(.((!<(..(#
###############


You could see a leopard gecko.

Vanquished Creatures
  A gnoll (D:1)
  An ooze (D:1)
  2 worms (D:2)
  A dart slug (D:1)
  A giant cockroach (D:1)
  2 goblins
  A hobgoblin (D:1)
  3 kobolds (D:1)
  5 bats (D:1)
  A frilled lizard (D:1)
  2 rats (D:1)
20 creatures vanquished.

Notes
Turn   | Place    | Note
-------+----------+-------------------------------------------
     0 | D:1      | MrRokkomies the Ogre Hunter began the quest for the Orb.
     0 | D:1      | Reached XP level 1. HP: 22/22 MP: 1/1
    31 | D:1      | Reached XP level 2. HP: 19/31 MP: 2/2
   275 | D:1      | Reached XP level 3. HP: 35/37 MP: 3/3
   909 | D:2      | Slain by a leopard gecko

Levels and vault maps discovered:
D:1:      doesnt_arrival_eight_statues, layout_basic, roderic_serpentine_path,
          chequers_serial_rivers_micro_b, grunt_decor_clamped
D:2:      layout_loops_ring, lemuel_zombie_altar_yredelemnul, first_ration,
          corexii_shack, uniq_sigmund, uniq_jessica, uniq_natasha

Skill      XL: |  1  2 |
---------------+-------+-----
Fighting       | 3 |  3.8
Dodging        | 2 |  2.1
Throwing       | |  4.4
Stealth        | |  0.6

Action                   || total
-------------------------++-------
Melee: Short sword       ||    95
Throw: Large rock        ||     1
       Dart              ||    19
 Stab: Sleeping          ||     2
Armor: Robe              ||    49
Dodge: Dodged            ||    74

Table legend:
 A = Non-vault XP
 B = Vault XP
 C = Vault XP percentage of total XP
 D = Non-vault monster count
 E = Vault monster count
 F = Vault count percentage of total count
                 A         B        C        D         E       F
            +---------+---------+-------+---------+---------+-------
      Total |      56 |       0 |   0.0 |      20 |       0 |   0.0
            +---------+---------+-------+---------+---------+-------
        D:1 |      44 |       0 |   0.0 |      17 |       0 |   0.0
        D:2 |      12 |       0 |   0.0 |       3 |       0 |   0.0
            +---------+---------+-------+---------+---------+-------
